[Event "1st Turkish League 2017"]
[Site "Konya"]
[Date "2017.07.23"]
[Round "9"]
[White "Cakiroglu, Metin"]
[Black "Sari, Yasin"]
[Result "0-1"]
[ECO "A06"]
[WhiteElo "1993"]
[BlackElo "2195"]
[Annotator "NA"]
[PlyCount "86"]
[EventType "team-tourn"]
[EventCountry "TUR"]
[SourceTitle "playchess.com"]
[Source "ChessBase"]
[SourceQuality "1"]
[TimeControl "5400+30"]

1. Nf3 c5 2. b3 d5 3. Bb2 f6 4. e4 d4 5. e5 Nc6 6. Bb5 Bg4 7. h3 Bh5 8. Qe2 Qc7 9. g4 Bg6 10. c3 a6 11. Bc4 fxe5 12. Ng5 b5 13. Bd5 Nf6 14. Bg2 h6 15. Ne6 Qd6 16. f4 d3 17. Qe3 Qxe6 18. f5 Qd6 19. fxg6 Rc8 20. O-O e6 $11 21. Bxc6+ Rxc6 22. c4 b4 23. Bxe5 Qd7 24. Rf3 Bd6 25. Bb2 O-O 26. Qxd3 e5 27. Qf5 e4 28. Rf1 Qc7 29. d4 Bh2+ 30. Kh1 Qg3 31. Qf2 Qxh3 32. Qg2 Qxg2+ 33. Kxg2 Nxg4 34. Rxf8+ Kxf8 35. Nd2 e3 36. Rf1+ Kg8 37. Nf3 Bc7 38. Nh4 Bd8 39. d5 Rd6 40. Nf5 Rxg6 41. d6 e2 42. Re1 Ne3+ 43. Kf3 Nxf5 0-1

[Event "1st Turkish League 2017"]
[Site "Konya"]
[Date "2017.07.23"]
[Round "9"]
[White "Soyek, Ramazan"]
[Black "Ozkan, Ervin"]
[Result "0-1"]
[ECO "C02"]
[WhiteElo "1986"]
[BlackElo "2206"]
[Annotator "NA"]
[PlyCount "102"]
[EventType "team-tourn"]
[EventCountry "TUR"]
[SourceTitle "playchess.com"]
[Source "ChessBase"]
[SourceQuality "1"]
[TimeControl "5400+30"]

1. e4 e6 2. d4 d5 3. e5 c5 4. c3 Qb6 5. Nf3 {[%emt 0:00:00] LiveBook: 1969 Games} Bd7 6. a3 Bb5 7. Bxb5+ Qxb5 8. b4 {[%emt 0:00:00] C02: French: Advance Variation} (8. a4 Qd7 9. dxc5 Bxc5 10. b4 Bb6 11. a5 Bc7 12. O-O Ne7 13. Bf4 Nbc6 14. Qe2 a6 15. Rd1 O-O {1-0 (41) Haba,P (2526)-Degraeve,J (2520) Germany 2007}) 8... b6 9. a4 Qd7 10. bxc5 bxc5 11. Ba3 Nc6 $146 ({Predecessor:} 11... Nh6 12. Nbd2 Be7 13. O-O O-O 14. Rb1 Rc8 15. Qb3 Nc6 {1-0 (32) Mazurkiewicz,M (2073)-Kozak,M Laczna 2002}) 12. O-O cxd4 13. cxd4 Bxa3 14. Rxa3 Nge7 15. Nbd2 Nf5 16. Nb3 Qe7 17. Qa1 O-O 18. Rc1 Rac8 19. Ra2 $15 Nb4 20. Rd2 Rc4 21. Na5 Rc7 22. Rxc7 Qxc7 23. Nb3 Qc4 24. Qd1 Nc6 25. Nc1 Nb4 26. g4 Rc8 27. Ne2 Ne7 28. h4 Na2 29. Kg2 Nc3 30. Nxc3 Qxc3 31. h5 h6 32. Qb1 g6 33. hxg6 Nxg6 34. Kg3 Kg7 35. Rd3 Qc1 36. Qxc1 Rxc1 37. Rb3 Rc4 38. a5 Ra4 39. Rb5 Ra3 40. Rc5 a6 41. Kg2 Nf4+ 42. Kg3 Nd3 43. Rc6 Ne1 44. Rxa6 Rxf3+ 45. Kh2 Rxf2+ 46. Kg1 Rf4 47. Rb6 Rxd4 48. a6 Nf3+ 49. Kf2 Nxe5 50. Ke3 Ra4 51. Ke2 Rxg4 0-1

[Event "1st Turkish League 2017"]
[Site "Konya"]
[Date "2017.07.23"]
[Round "9"]
[White "Bayik, Hasan"]
[Black "Rzayev, Askar Aliakbar"]
[Result "0-1"]
[ECO "E32"]
[WhiteElo "1879"]
[BlackElo "2080"]
[Annotator "NA"]
[PlyCount "126"]
[EventType "team-tourn"]
[EventCountry "TUR"]
[SourceTitle "playchess.com"]
[Source "ChessBase"]
[SourceQuality "1"]
[TimeControl "5400+30"]

1. d4 Nf6 2. c4 e6 3. Nc3 Bb4 4. Qc2 O-O 5. Bg5 d5 6. e3 {[%emt 0:00:30] LiveBook: 9 Games} c5 {[%emt 0:00:30] E32: Nimzo-Indian: Classical (4 Qc2): 4...0-0} 7. Nf3 h6 8. Bxf6 (8. Bh4 cxd4 9. exd4 Nbd7 10. cxd5 Nb6 11. dxe6 Bxe6 12. Be2 Rc8 13. a3 Bxc3+ 14. bxc3 Nbd5 15. O-O Rxc3 16. Qb2 Qc7 17. Rac1 {0-1 (33) Mamedyarov,S (2757)-Leko,P (2730) Beijing 2013}) 8... Qxf6 9. cxd5 cxd4 10. Nxd4 exd5 11. a3 Bxc3+ 12. Qxc3 Nc6 13. Rc1 $146 ({Predecessor:} 13. Rd1 Be6 14. Bb5 Ne5 15. O-O Rac8 16. Qb3 {1-0 (38) Miljkovic,M (2477)-Djordjevic,D (2014) Belgrade 2014}) 13... Ne5 14. f4 Ng4 15. Be2 Qh4+ 16. g3 Qe7 17. Bxg4 Bxg4 18. Qd3 Rfe8 19. Kf2 Rac8 20. Rhe1 a6 21. Nc2 Rc4 22. Nb4 Bf5 23. Qd2 Be4 24. b3 Rxc1 25. Rxc1 a5 26. Nc2 Rc8 27. Nd4 Rc5 28. Rxc5 Qxc5 29. b4 axb4 30. axb4 Qa7 31. Nb3 b6 32. Qd4 Qd7 33. Nd2 Qh3 34. Nxe4 Qxh2+ 35. Kf1 Qh1+ 36. Kf2 $15 dxe4 37. Ke2 Qg2+ 38. Kd1 b5 39. Qd8+ Kh7 40. Qd5 Qxg3 41. Qxb5 Qg4+ 42. Ke1 f5 43. Qe2 Qg1+ 44. Kd2 Qa1 45. Qb5 Qb2+ 46. Kd1 Qb3+ 47. Kd2 Kg6 48. Qe8+ Kh7 49. Qb5 Qe6 50. Kc3 h5 51. Qe2 Qc6+ 52. Kb3 Qg6 53. Qe1 Qe6+ 54. Ka4 Qa6+ 55. Kb3 Qf6 56. b5 h4 57. Ka4 Qd8 58. Qe2 Kh6 59. Qg2 Qd1+ 60. Ka5 Qg4 61. Qf1 h3 62. b6 Qg2 63. Qe1 h2 0-1

[Event "1st Turkish League 2017"]
[Site "Konya"]
[Date "2017.07.23"]
[Round "9"]
[White "Gulsoy, Mustafa Alpago"]
[Black "Keler, Faruk"]
[Result "1-0"]
[ECO "B22"]
[WhiteElo "1871"]
[BlackElo "2262"]
[Annotator "NA"]
[PlyCount "127"]
[EventType "team-tourn"]
[EventCountry "TUR"]
[SourceTitle "playchess.com"]
[Source "ChessBase"]
[SourceQuality "1"]
[TimeControl "5400+30"]

1. e4 c5 2. c3 d6 3. d4 Nf6 4. dxc5 Nc6 {[%emt 0:00:30] LiveBook: 358 Games} 5. Qc2 dxc5 6. Be3 {[%emt 0:01:30] B22: Sicilian: 2 c3} (6. Bf4 Nh5 7. Be3 e5 8. Qd1 Qxd1+ 9. Kxd1 f5 10. f3 fxe4 11. fxe4 Nf6 12. Nd2 Ng4 13. Ke2 Nxe3 14. Kxe3 {½-½ (69) Stevic,H (2607)-Jones,G (2650) Dubai 2014}) 6... b6 7. f3 $146 ({Predecessor:} 7. Bb5 Bb7 8. Qa4 Qc8 9. Nd2 a6 10. Be2 b5 11. Qc2 e5 12. Nb3 c4 13. Nc5 Bxc5 14. Bxc5 {0-1 (25) Rott,G (2178)-Unbehend,M Dortmund 2001}) 7... Qc7 8. Na3 a6 9. g4 e6 10. Qf2 Bb7 11. O-O-O Ne5 12. Nc4 Nxc4 13. Bxc4 Bd6 14. Ne2 O-O-O 15. Rhe1 Rd7 16. Rxd6 Qxd6 17. e5 Qxe5 18. Bf4 Nxg4 19. Qg3 (19. fxg4 $18 Qe4 20. Nd4) 19... Qf6 20. fxg4 Rhd8 21. Be5 Qg5+ 22. Qf4 Qh4 23. Qg3 Qxg3 24. Nxg3 b5 25. Bf1 Bf3 $11 26. a4 Rd1+ 27. Rxd1 Rxd1+ 28. Kc2 Rd5 29. Bxg7 Bxg4 30. c4 Rg5 31. Bf6 Rg6 32. Be7 bxa4 33. Bxc5 Rf6 34. Bd4 Rf4 35. Be3 Rf3 36. Kd2 Rf6 37. Bd3 h5 38. c5 e5 39. Ne4 Rf3 40. Bxa6+ Kc7 41. Ng5 Rf5 42. Bd3 Rf6 43. Bc4 Bd7 44. Nxf7 Be6 45. Bxe6 Rxe6 46. Nxe5 Ra6 47. Nc4 Kc6 48. Kc3 Ra8 49. Kb4 Ra7 50. Na5+ Kd5 51. c6 Re7 52. Bb6 Re4+ 53. Kb5 Re2 54. c7 Rc2 55. Kxa4 Kd6 56. Kb3 Rc1 57. Nc4+ Kd7 58. Kb4 Rc2 59. b3 h4 60. h3 Rc1 61. Kb5 Rc3 62. Ka6 Rg3 63. Kb7 Rg8 64. Ne5+ 1-0

[Event "1st Turkish League 2017"]
[Site "Konya"]
[Date "2017.07.23"]
[Round "9"]
[White "Ozbek, Busra"]
[Black "Demirtas, Hafize"]
[Result "1-0"]
[ECO "D02"]
[WhiteElo "1796"]
[BlackElo "1676"]
[Annotator "NA"]
[PlyCount "37"]
[EventType "team-tourn"]
[EventCountry "TUR"]
[SourceTitle "playchess.com"]
[Source "ChessBase"]
[SourceQuality "1"]
[TimeControl "5400+30"]

1. d4 Nf6 2. Nf3 d5 3. Bf4 c5 4. e3 Nc6 5. c3 Qb6 6. Na3 Qxb2 7. Nb5 Ne4 8. Bg3 Nxc3 9. Nc7+ Kd8 10. Qc1 Qb4 11. a3 Qa5 12. Qd2 cxd4 13. Nxa8 Qa4 14. Bd3 e5 15. Nxe5 Nxe5 16. Bxe5 Ne4 17. Bxe4 dxe3 18. Qxd5+ Bd7 19. O-O 1-0

[Event "1st Turkish League 2017"]
[Site "Konya"]
[Date "2017.07.23"]
[Round "9"]
[White "Baspinar, Lara"]
[Black "Erece, Ece Alkim"]
[Result "1/2-1/2"]
[ECO "D94"]
[WhiteElo "1652"]
[BlackElo "1829"]
[Annotator "NA"]
[PlyCount "139"]
[EventType "team-tourn"]
[EventCountry "TUR"]
[SourceTitle "playchess.com"]
[Source "ChessBase"]
[SourceQuality "1"]
[TimeControl "5400+30"]

1. c4 Nf6 2. Nc3 g6 3. d4 c5 4. e3 Bg7 5. Nf3 O-O 6. Be2 cxd4 7. exd4 d5 8. h3 Nc6 9. O-O dxc4 {[%emt 0:01:30] LiveBook: 103 Games} 10. Bxc4 Na5 11. Bd3 Be6 12. b3 $15 h6 13. Bb2 Nd5 14. Ne4 b6 15. Rc1 Nb7 16. Qd2 Nd6 17. Ng3 Nf5 18. Nxf5 Bxf5 19. Bxf5 gxf5 20. Ne5 e6 21. Ba3 Re8 22. g3 Qf6 23. Rfd1 f4 24. Qe2 fxg3 25. fxg3 Qg5 26. Kh2 Qe3 27. Qxe3 Nxe3 28. Rd3 Nd5 29. Rf3 f6 30. Nc6 Rac8 31. Bd6 Red8 32. Nxd8 Rxc1 33. Nxe6 Rc2+ 34. Kg1 Rxa2 35. Nxg7 Kxg7 36. Rf2 Ra1+ 37. Kg2 Rb1 38. Rf3 Rd1 39. Bb8 a5 40. g4 Rxd4 41. Kg3 b5 42. Ba7 Rd1 43. Kh4 Kg6 44. Kg3 b4 45. Bc5 Rc1 46. Bf8 Rc3 47. h4 Rxf3+ 48. Kxf3 h5 49. Ke4 Nc3+ 50. Kf3 hxg4+ 51. Kxg4 f5+ 52. Kf3 Na2 53. Kf4 Nc1 54. h5+ Kxh5 55. Kxf5 Nxb3 56. Ke4 Kg5 57. Kd3 Kf4 58. Kc4 Nd2+ 59. Kb5 b3 60. Bg7 Nf3 61. Bb2 Ke3 62. Kxa5 Kd3 63. Kb4 Kc2 64. Ka3 Nd2 65. Bf6 Nb1+ 66. Kb4 Nd2 67. Ka3 Ne4 68. Bb2 Nc3 69. Ba1 Na2 70. Bb2 1/2-1/2

[Event "1st Turkish League 2017"]
[Site "Konya"]
[Date "2017.07.23"]
[Round "9"]
[White "Sahin, Hayrun Nisa"]
[Black "Kocyigit, Buse Naz"]
[Result "1/2-1/2"]
[ECO "D13"]
[WhiteElo "1576"]
[BlackElo "1628"]
[Annotator "NA"]
[PlyCount "65"]
[EventType "team-tourn"]
[EventCountry "TUR"]
[SourceTitle "playchess.com"]
[Source "ChessBase"]
[SourceQuality "1"]
[TimeControl "5400+30"]

1. c4 c6 2. g3 d5 3. cxd5 cxd5 4. d4 Nc6 5. Bg2 e6 6. Nf3 Bd6 7. Nc3 Nf6 8. O-O O-O 9. b3 b6 10. Bb2 Bb7 11. Rc1 Rc8 12. Re1 Re8 13. e3 a6 14. a3 Qe7 15. Na4 b5 16. Nc5 Ne4 17. b4 Bb8 18. Nd2 Nd6 19. Qe2 Nc4 20. Ndb3 f5 21. f4 Nd8 22. Nd3 Nf7 23. Nbc5 Nfd6 24. Bf1 Ba7 25. h3 Bb6 26. Kh2 Ra8 27. Ra1 Ra7 28. Ra2 Rea8 29. Rea1 a5 30. Bc1 Ne4 31. Qc2 Bc6 32. Bg2 Qf6 33. Ne5 1/2-1/2